 Dungeon Crawl Stone Soup version 0.29-a0-632-g781b4ac09e (webtiles) character file.

Game seed: 18394434461252198955

585 Johnny the Cudgeller (level 7, -2/106 HPs)
             Began as a Troll Berserker on June 19, 2022.
             Was a Believer of Trog.
             Succumbed to a gnoll's poison
             ... on level 3 of the Dungeon.
             The game lasted 00:04:49 (3374 turns).

Johnny the Cudgeller (Troll Berserker)              Turns: 3374, Time: 00:04:49

Health: -2/106     AC:  5    Str: 28    XL:     7   Next: 15%
Magic:  6/6        EV: 10    Int:  3    God:    Trog [**....]
Gold:   171        SH:  0    Dex:  9    Spells: 6/6 levels left

rFire   . . .      SeeInvis .   w - +0 flail
rCold   . . .      Faith    .   (no shield)
rNeg    . . .      Spirit   .   b - +0 animal skin
rPois   .          Reflect  .   (helmet restricted)
rElec   .          Harm     .   o - +0 cloak
rCorr   +          Rampage  .   (gloves unavailable)
Will    .....                   (boots unavailable)
Stlth   ..........              s - amulet of regeneration
HPRegen 1.87/turn               n - ring of resist corrosion
MPRegen 0.10/turn               (no ring)

@: berserking, lethally poisoned (-2 -> -15), very quick
A: large, unfitting armour, claws 3, regeneration 1, shaggy fur 1, tough skin 1
a: Renounce Religion, Berserk, Trog's Hand


You were on level 3 of the Dungeon.
You worshipped Trog.
Trog was pleased with you.
You visited 1 branch of the dungeon, and saw 4 of its levels.
You also visited: Sewer.

You collected 171 gold pieces.

Inventory:

Hand Weapons
 a - a +0 mace
 w - a +0 flail (weapon)
Armour
 b - a +0 animal skin (worn)
 o - a +0 cloak (worn)
Jewellery
 n - a ring of resist corrosion (left claw)
 s - an amulet of regeneration (around neck)
Scrolls
 f - a scroll of silence
 k - 2 scrolls of amnesia
 l - 3 scrolls of teleportation
 q - a scroll of poison {unknown}
 t - a scroll of vulnerability {unknown}
 u - a scroll of magic mapping {unknown}
 v - a scroll of fear {unknown}
 x - a scroll of immolation {unknown}
 y - 2 scrolls of identify
Potions
 c - 3 potions of curing
 d - 3 potions of haste {unknown}
 e - a potion of flight
 g - 5 potions of might
 h - a potion of attraction
 i - 2 potions of heal wounds
 j - a potion of resistance
 m - 2 potions of degeneration
 p - a potion of invisibility {unknown}
 r - a potion of experience {unknown}


   Skills:
 + Level 4.3 Fighting
 * Level 6.4 Maces & Flails
 - Level 2.4 Dodging


You had 6 spell levels left.
You didn't know any spells.
Your spell library contained the following spells:

 Spells                   Type           Power      Damage    Failure   Level
 Freeze                   Ice            0%         1d3       52%         1
 Necrotize                Necr           0%         1d4       52%         1
 Sting                    Tmut/Pois      0%         1d3       52%         1
 Poisonous Vapours        Pois/Air       0%         N/A       67%         2
 Frozen Ramparts          Ice            0%         1d2       88%         3
 Vampiric Draining        Necr           0%         2d6       88%         3
 Hailstorm                Conj/Ice       0%         3d3       99%         4
 Olgreb's Toxic Radiance  Pois           0%         N/A       99%         4
 Agony                    Necr           0%         N/A       100%        5


Dungeon Overview and Level Annotations

Branches:
Dungeon (4/15)              Sewer (visited)
 Temple: D:4-7

Altars:

Shops:
D:2 [(!(   D:3 =   D:4 :


Innate Abilities, Weirdness & Mutations

You are too large for most types of armour.
You have claws for hands.
Your natural rate of healing is unusually fast.
You are covered in fur. (AC +1)
You have tough skin. (AC +1)


Message History

The giant cockroach misses you. The giant cockroach barely misses you.
You sock the giant cockroach!
You kill the giant cockroach!
Trog accepts your kill.
g - 5 potions of might (gained 1)
You pick up a book of Frost and begin reading...
You add the spells Freeze, Frozen Ramparts and Hailstorm to your library.
A gnoll is nearby!
A gnoll is nearby!
The gnoll hits you from afar with a +0 halberd of venom!
You are poisoned.
You feel very sick. The gnoll closely misses you.
You hit the gnoll but do no damage.
You feel very sick.
The gnoll hits you with a +0 halberd of venom!
You are more poisoned.
You barely miss the gnoll.
You feel extremely sick.
The gnoll hits you with a +0 halberd of venom.
You are more poisoned.
A red film seems to cover your vision as you go berserk!
You feel yourself moving faster!
You feel mighty!
You feel extremely sick.
The gnoll hits you with a +0 halberd of venom.
You are more poisoned.
You barely miss the gnoll.
You feel very sick.
The gnoll hits you with a +0 halberd of venom!
* * * LOW HITPOINT WARNING * * *
You are more poisoned.
You closely miss the gnoll.
* * * LOW HITPOINT WARNING * * *
You feel very sick.
The gnoll hits you with a +0 halberd of venom.
* * * LOW HITPOINT WARNING * * *
* * * LOW HITPOINT WARNING * * *
You feel very sick.
You feel a strong urge to attack something.
You die...

...##.## # #.##.##.# #.# ##.####
.# # #.##.# #.# ##'## ###.
##.##.# #.# #...## #.. #..##.# ..
.....## #.# # #.###.# # ......##
##.## #.#.##..# ##
.......####...#######.#.#...####.
.......'.....g.................+.
.......####...##@######.#...####.
......## ##>###.# #.##.## ##
...).## #.....# #.#### # #..g##
#.##..# #....# ##'## #.##..#
####.# #.# #.....# #.# #.#
####.## #.# ##.## #.# ####.#### #
#...## #.# #.†.....# #


You could see a gnoll.

Vanquished Creatures
  3 kobold brigands (Sewer)
  2 scorpions (D:4)
  An orc priest (D:4)
  An iguana (D:4)
  5 adders
  2 gnolls (D:3)
  A river rat (D:4)
  An ufetubus (D:4)
  4 worms
  2 dart slugs
  6 orcs (D:4)
  4 bats
  10 endoplasms
  7 giant cockroaches
  13 goblins
  7 hobgoblins
  4 jackals
  12 kobolds (Sewer)
  6 quokkas
  12 ball pythons
  12 rats
115 creatures vanquished.

Notes
Turn   | Place    | Note
-------+----------+-------------------------------------------
     0 | D:1      | Johnny the Troll Berserker began the quest for the Orb.
     0 | D:1      | Reached XP level 1. HP: 22/22 MP: 0/0
   145 | D:1      | Reached skill level 3 in Maces & Flails
   168 | D:1      | Reached XP level 2. HP: 29/29 MP: 1/1
   697 | D:1      | Reached XP level 3. HP: 27/36 MP: 2/2
   929 | D:2      | Found Dac Vemo's Distillery.
   957 | D:2      | Found Guskubayrgh's Weapon Shop.
   962 | D:2      | Reached ** piety under Trog
  1030 | D:2      | Found Vini's Weapon Boutique.
  1066 | D:2      | Found Dorec's Antique Armour Shoppe.
  1157 | D:2      | Reached skill level 4 in Maces & Flails
  1204 | D:2      | Reached XP level 4. HP: 45/45 MP: 3/3
  1876 | D:4      | Found Qimof's Book Shoppe.
  1881 | D:4      | Noticed a scorpion
  1899 | D:4      | Killed a scorpion
  1900 | D:4      | Reached XP level 5. HP: 53/53 MP: 4/4
  1997 | D:4      | Reached skill level 5 in Maces & Flails
  2064 | D:4      | Found a glowing drain.
  2068 | Sewer    | Entered a sewer
  2172 | Sewer    | Reached *** piety under Trog
  2248 | Sewer    | Reached XP level 6. HP: 36/62 MP: 5/5
  2371 | Sewer    | Reached skill level 6 in Maces & Flails
  2610 | D:4      | Reached XP level 7. HP: 63/70 MP: 6/6
  3153 | D:3      | Found Ovedougix's Jewellery Shop.
  3373 | D:3      | HP: 2/106 [poisoned by a gnoll]
  3374 | D:3      | Succumbed to a gnoll's poison

Illustrated notes

Levels and vault maps discovered:
D:1:      minmay_arrival_arboretum_small, layout_loops_corners
D:2:      layout_loops_ring, serial_shops, shop, shop,
          nicolae_shop_bloodbath_and_beyond, shop_fountains, minmay_domino_2
D:3:      layout_loops_corners, serial_shops, shop
D:4:      layout_cave_pools, gup_sewer_entry_spiral, serial_shops,
          nicolae_shop_behind_doors

Skill      XL: |  1  2  3  4  5  6 |
---------------+-------------------+-----
Maces & Flails | 3 4 5 6 |  6.4
Fighting       | 3 4 |  4.3
Dodging        | |  2.4

Action                   |  1- 3 |  4- 6 |  7- 9 || total
-------------------------+-------+-------+-------++-------
Melee: Mace              |   122 |   253 |     8 ||   383
       Punch             |       |     2 |       ||     2
       Flail             |       |       |    24 ||    24
Invok: Berserk           |       |     6 |     1 ||     7
       Trog's Hand       |       |     7 |       ||     7
  Use: Scroll            |       |    10 |       ||    10
       Potion            |       |     2 |       ||     2
 Stab: Sleeping          |     1 |     1 |     1 ||     3
Armor: Animal skin       |    44 |   106 |    15 ||   165
Dodge: Dodged            |    67 |   174 |    13 ||   254

Table legend: (Time is in decaauts)
 A = Elapsed time spent in this place.
 B = Non-inter-level travel time spent in this place.
 C = Inter-level travel time spent in this place.
 D = Time resting spent in this place.
 E = Time spent auto-exploring this place.
 F = Levels seen in this place.
 G = Mean time per level.
                   A        B        C        D        E       F      G
               +--------+--------+--------+--------+--------+-----+--------+
         Total |   3544 |   3461 |     83 |     70 |   2378 |   5 |  708.8 |
       Dungeon |   3176 |   3093 |     83 |     41 |   2243 |   4 |  794.0 |
         Sewer |    368 |    368 |      0 |     29 |    135 |   1 |  368.0 |
               +--------+--------+--------+--------+--------+-----+--------+

Top non-repeatable levels by time:
     D:1: 910 daAuts
     D:4: 892 daAuts
     D:2: 720 daAuts
     D:3: 653 daAuts
   Sewer: 368 daAuts
